 Dungeon Crawl Stone Soup version 0.26.1-11-gd32895ea62 (webtiles) character file.

Game seed: 1566467816542526144

349469 gilnoh7 the Eclecticist (level 20, -26/160 (165) HPs)
             Began as a Demigod Hedge Wizard on June 6, 2021.
             Shot with an arrow by a vault warden (30 damage)
             ... on level 5 of the Vaults on July 27, 2021.
             The game lasted 08:57:16 (103397 turns).

gilnoh7 the Eclecticist (Demigod Hedge Wizard)    Turns: 103397, Time: 08:57:17

HP:   -26/160 (165) AC: 25    Str: 18    XL:     20   Next: 39%
MP:   33/49         EV: 18    Int: 28    God:
Gold: 2082          SH:  9    Dex: 22    Spells: 2/56 levels left

rFire    + + +     SeeInvis .   b - +9 demon blade (elec)
rCold    + + .     Faith    .   U - +3 buckler {reflect}
rNeg     + . .     Spirit   .   J - +7 swamp dragon scales
rPois    +         Reflect  +   L - +0 helmet
rElec    +         Harm     .   P - scarf {rC+ rF+}
rCorr    +         Rampage  .   q - +2 pair of gloves {Str+3}
Will     ++...                  H - +2 pair of boots {run}
Stlth    +++++.....             X - amulet of the Ladybird {RegenMP rN+ Int+8}
HPRegen  0.36/turn              W - ring of Mocuebb {Wiz rPois rC- Dex+3 Stlth+}
MPRegen  0.56/turn              s - ring "Rusyib" {rElec rF+ rC+ Str-2 Stlth+}

@: resistant, studying Transmutations, lightly drained, quick
A: hooves 2, blurry vision 2, dopey 1, high mp 1, MP-powered wands
}: 2/15 runes: barnacled, gossamer
a: no special abilities


You were on level 5 of the Vaults.
You visited 8 branches of the dungeon, and saw 40 of its levels.
You also visited: Gauntlet, Ice Cave and Volcano.

You collected 6619 gold pieces.
You spent 4537 gold pieces at shops.

Inventory:

Hand Weapons
 a - the +2 short sword of Faffeab {vorpal, +Blink rElec Str-5 Int+5}
   (You found it on level 3 of the Spider Nest)

   It inflicts extra damage upon your enemies.
   It affects your strength (-5).
   It affects your intelligence (+5).
   It insulates you from electricity.
   It lets you blink.
 b - a +9 demon blade of electrocution (weapon)
 f - the +7 short sword "Yxumoump" {vorpal, rF+ Int+2}
   (You found it on level 1 of the Orcish Mines)

   It inflicts extra damage upon your enemies.
   It affects your intelligence (+2).
   It protects you from fire.
 t - the +8 scimitar of the Hierophant {vorpal, rN+}
   (You found it on level 1 of the Orcish Mines)

   It inflicts extra damage upon your enemies.
   It protects you from negative energy.
 y - the +8 mithril axe "Arga" {speed, Will+}
   (You found it on level 1 of the Orcish Mines)

   Attacks with this weapon are significantly faster.
   It affects your willpower, your defense against some magical effects.
 K - the +8 frozen axe "Frostbite" {freezing cloud, *Noise +Fly rC+}
   (You found it on level 1 of the Shoals)

   It has been specially enchanted to freeze those struck by it, causing extra
   injury to most foes and up to half again as much damage against particularly
   susceptible opponents.
   It can also slow down cold-blooded creatures.
   It protects you from cold.
   It lets you fly.
   It may make noises in combat.
Armour
 q - a +2 pair of gloves of strength (worn)
 G - a +2 buckler of positive energy
 H - a +2 pair of boots of running (worn)
 J - +7 swamp dragon scales (worn)
 L - a +0 helmet (worn)
 P - a scarf of resistance (worn)
 U - a +3 buckler of reflection (worn)
 Z - a +2 cloak of fire resistance
Magical Staves
 w - an uncursed staff of conjuration
 F - an uncursed staff of air
Jewellery
 d - the amulet "Ycez" {Acrobat Will+}
   (You bought it in a shop on level 2 of the Orcish Mines)

   [amulet of the acrobat]

   It helps you evade while moving and waiting.
   It affects your willpower, your defense against some magical effects.
 s - the ring "Rusyib" (right hand) {rElec rF+ rC+ Str-2 Stlth+}
   (You took it off a deep elf high priest on level 3 of the Elven Halls)

   [ring of protection from cold]

   It affects your strength (-2).
   It protects you from fire.
   It protects you from cold.
   It insulates you from electricity.
   It makes you more stealthy.
 x - an uncursed ring of see invisible
 M - the ring "Japuqor" {rC+ EV+4 Str+6 Dex+2}
   (You took it off a deep elf death mage on level 3 of the Elven Halls)

   [ring of evasion]

   It affects your evasion (+4).
   It affects your strength (+6).
   It affects your dexterity (+2).
   It protects you from cold.
 W - the ring of Mocuebb (left hand) {Wiz rPois rC- Dex+3 Stlth+}
   (You found it on level 3 of the Elven Halls)

   [ring of wizardry]

   It improves your spell success rate.
   It affects your dexterity (+3).
   It makes you vulnerable to cold.
   It protects you from poison.
   It makes you more stealthy.
 X - the amulet of the Ladybird (around neck) {RegenMP rN+ Int+8}
   (You bought it in a shop on level 8 of the Dungeon)

   [amulet of magic regeneration]

   It increases your magic regeneration.
   It affects your intelligence (+8).
   It protects you from negative energy.
Wands
 u - a wand of iceblast (8)
 R - a wand of digging (21)
Scrolls
 e - 6 scrolls of teleportation
 i - 3 scrolls of magic mapping
 k - a scroll of brand weapon
 l - a scroll of summoning
 n - 3 scrolls of fear
 r - 3 scrolls of fog
 v - a scroll of enchant weapon
 D - 12 scrolls of identify
 E - 7 scrolls of amnesia
 O - 2 scrolls of blinking
 V - 17 scrolls of remove curse
Potions
 g - a potion of resistance
 h - 4 potions of flight
 j - 2 potions of magic
 p - 7 potions of curing
 A - 3 potions of berserk rage
 C - 5 potions of ambrosia
 I - a potion of brilliance
 T - a potion of haste
 Y - 9 potions of might
Books
 c - a manual of Transmutations


   Skills:
 + Level 11.0 Fighting
 + Level 6.2(7.9) Short Blades
 + Level 7.5(8.5) Long Blades
 + Level 1.9(2.1) Axes
 + Level 1.2(1.8) Polearms
 + Level 1.2 Slings
 + Level 1.7 Crossbows
 + Level 8.9 Armour
 + Level 8.1 Dodging
 + Level 7.7 Stealth
 - Level 4.0 Shields
 + Level 18.9 Spellcasting
 + Level 10.8 Conjurations
 + Level 0.7 Hexes
 + Level 6.2 Summonings
 + Level 3.6 Translocations
 + Level 2.1 Transmutations
 + Level 3.6 Fire Magic
 + Level 4.0 Ice Magic
 + Level 15.5 Air Magic
 + Level 4.4 Poison Magic
 + Level 1.1 Evocations


You had 2 spell levels left.
You knew the following spells:

 Your Spells              Type           Power        Failure   Level
a - Magic Dart            Conj           100%         1%          1
b - Ignite Poison         Fire/Tmut/Pois 45%          1%          3
c - Corona                Hex            33%          1%          1
d - Mephitic Cloud        Conj/Pois/Air  71%          1%          3
e - Fulminant Prism       Conj/Hex       28%          1%          4
f - Poisonous Vapours     Pois/Air       100%         1%          2
g - Airstrike             Air            42%          1%          4
h - Freezing Cloud        Conj/Ice/Air   35%          2%          6
i - Alistair's Intoxicat  Tmut/Pois      29%          8%          5
k - Summon Lightning Spi  Summ/Air       73%          1%          4
l - Lightning Bolt        Conj/Air       39%          1%          5
o - Orb of Destruction    Conj           36%          11%         7
s - Spellforged Servitor  Conj/Summ      32%          26%         7
B - Blink                 Tloc           N/A          1%          2

Your spell library contained the following spells:

 Spells                   Type           Power        Failure   Level
 Shock                    Conj/Air       100%         0%          1
 Swiftness                Air            85%          0%          2
 Animate Skeleton         Necr           52%          1%          1
 Apportation              Tloc           94%          1%          1
 Beastly Appendage        Tmut           76%          1%          1
 Pain                     Necr           100%         1%          1
 Sting                    Tmut/Pois      100%         1%          1
 Summon Small Mammal      Summ           100%         1%          1
 Call Imp                 Summ           57%          1%          2
 Corpse Rot               Necr/Air       N/A          1%          2
 Ensorcelled Hibernation  Hex/Ice        78%          1%          2
 Searing Ray              Conj           100%         1%          2
 Slow                     Hex            30%          1%          2
 Wereblood                Tmut           38%          1%          2
 Call Canine Familiar     Summ           57%          1%          3
 Conjure Flame            Conj/Fire      61%          1%          3
 Dazzling Flash           Conj/Hex       100%         1%          3
 Inner Flame              Hex/Fire       38%          1%          3
 Lesser Beckoning         Tloc           23%          1%          3
 Portal Projectile        Hex/Tloc       76%          1%          3
 Spider Form              Tmut/Pois      22%          1%          3
 Static Discharge         Conj/Air       79%          1%          3
 Stone Arrow              Conj/Erth      100%         1%          3
 Summon Guardian Golem    Hex/Summ       46%          1%          3
 Iskenderun's Mystic Bla  Conj/Tloc      61%          1%          4
 Sticky Flame             Conj/Fire      61%          1%          4
 Summon Ice Beast         Ice/Summ       53%          1%          4
 Iskenderun's Battlesphe  Conj           72%          1%          5
 Silence                  Hex/Air        32%          1%          5
 Conjure Ball Lightning   Conj/Air       39%          1%          6
 Confusing Touch          Hex            30%          2%          3
 Tukima's Dance           Hex            30%          2%          3
 Vampiric Draining        Necr           13%          3%          3
 Ice Form                 Ice/Tmut       43%          3%          4
 Bolt of Magma            Conj/Fire/Erth 26%          4%          5
 Summon Forest            Summ/Tloc      26%          4%          5
 Cause Fear               Hex            15%          8%          4
 Leda's Liquefaction      Hex/Erth       14%          9%          4
 Animate Dead             Necr           13%          11%         4
 Blade Hands              Tmut           19%          12%         5
 Shadow Creatures         Summ           N/A          12%         6
 Yara's Violent Unravell  Hex/Tmut       17%          16%         5
 Iron Shot                Conj/Erth      27%          17%         6
 Agony                    Necr           26%          28%         5
 Borgnjor's Vile Clutch   Necr/Erth      13%          28%         5
 Eringya's Noxious Bog    Tmut/Pois      22%          38%         6
 Hydra Form               Tmut           19%          52%         6
 Summon Hydra             Summ           28%          52%         7
 Statue Form              Tmut/Erth      21%          67%         6
 Invisibility             Hex            30%          71%         6
 Tornado                  Air            42%          85%         9
 Ignition                 Fire           23%          100%        8
 Shatter                  Erth           13%          100%        9


Dungeon Overview and Level Annotations

Branches:
Dungeon (15/15)            Temple (1/1) D:4            Lair (6/6) D:8
 Shoals (4/4) Lair:2       Spider (4/4) Lair:4        Slime (0/5) Lair:6
    Orc (2/2) D:10            Elf (3/3) Orc:2        Vaults (5/5) D:14
  Crypt (0/3) Vaults:2     Depths (0/5) D:15          IceCv (visited)
Volcano (visited)         Gauntlet (visited)

Shops:
D:8 [=   D:11 [   D:12 (   D:14 (   D:15 :   Orc:2 (=[(   Elf:1 (   Elf:2 ?
Elf:3 ?   Vaults:1 :*(   Vaults:3 }   Vaults:4 *

Portals:
Abyss: D:6
Trove: Vaults:3 (give 14 potions of heal wounds)

Annotations:
D:14 2 transporters, Jaliuk's ghost, journeyman DECj
Vaults:3 3 runed translucent doors, Lukheov's ghost, veteran DrWn


Innate Abilities, Weirdness & Mutations

You have an increased reservoir of magic. (+10% MP)
You have hoof-like feet.
Scrolls take you longer to read.
You are dopey. (Int -2)
You expend magic power (3 MP) to strengthen your wands.


Message History

The vault warden shouts!
You hear a shout! x2
The yaktaur captain shoots a bolt.
The bolt hits you!!
* * * LOW HITPOINT WARNING * * *
A frost giant comes into view.
It is wielding a +2 battleaxe of freezing.
The vault guard shouts!
You hear a shout!
Found a bolt.
Okay, then.
Okay, then.
A flayed ghost comes into view.
You hear two shouts!
You hear a deafening roar!
The frost giant shouts!
You hear a horrible gurgling sound!
Really read with blurry vision while enemies are nearby?
The vault warden unwields a +0 long sword.
The vault warden wields the +4 shortbow "Kadasuej" {flame, +Fly SInv}.
It bursts into flame!
The vault warden shoots an arrow.
You reflect the arrow off your +3 buckler of reflection!
The arrow barely misses the vault warden.
You begin reading the scroll.
You continue reading the scroll.
The vault warden shoots an arrow.
The arrow hits you!!
You die...

## . .## .. ..##
... .(.# #...
p..#
##...####...###.
............c...
..W...C@(..p....
################


You could see a frost giant, a vault warden, a yaktaur captain, a vault guard
and a flayed ghost.

Vanquished Creatures
  A titan (Shoals:2)
  Asterion (Spider:2)
  Rupert (Lair:3)
  2 deep elf blademasters (Elf:3)
  A deep elf master archer (Elf:3)
  Frances (Elf:1)
  A sphinx (Vaults:3)
  A storm dragon (Vaults:5)
  Donald (Spider:1)
  Roxanne (Spider:3)
  The ghost of Vianioba the Warrior, a journeyman MiFi of Makhleb (D:15)
  Louise (D:15)
  5 deep elf sorcerers
  9 vault wardens
  A ghoul (Vaults:2)
  3 emperor scorpions
  2 ghost moths (Spider:4)
  7 ironheart preservers
  2 deep elf elementalists (Elf:3)
  4 stone giants
  Nessos (Lair:4)
  5 deep elf demonologists
  A vampire knight (Vaults:2)
  A dire elephant (Lair:3)
  Azrael (D:12)
  6 entropy weavers
  9 deep elf annihilators (Elf:3)
  A minotaur (Gauntlet)
  Snorg (Lair:4)
  2 blizzard demons (IceCv)
  5 merfolk impalers
  2 ettins (Orc:1)
  5 deep elf death magi (Elf:3)
  A fire dragon (Vaults:3)
  4 merfolk javelineers
  11 yaktaur captains
  Josephine (Lair:4)
  A great orb of eyes (Vaults:2)
  8 deep elf high priests
  6 hydras
  A rakshasa (Vaults:1)
  An ice dragon (Vaults:3)
  7 boulder beetles
  Harold (Orc:1)
  4 catoblepae
  3 vault guards
  2 merfolk avatars
  3 alligator snapping turtles (Shoals:2)
  2 nameless horrors
  4 centaur warriors
  The ghost of Sammaje the Cleaver, a novice MiBe of Trog (Lair:1)
  20 two-headed ogres
  29 dancing weapons
  4 death knights
  A tengu warrior (D:13)
  6 ogre magi
  2 merfolk aquamancers
  A queen ant (Gauntlet)
  A satyr (Shoals:2)
  4 death yaks
  The ghost of weresquid the Carver, a novice DrGl of the Shining One (D:8)
  An orc high priest (Orc:2)
  Nergalle (D:12)
  17 deep elf knights
  A hell knight (Volcano)
  A skeletal warrior (D:12)
  A salamander mystic (Volcano)
  A shadow wraith (Vaults:3)
  2 unseen horrors
  11 sea snakes
  2 flayed ghosts
  3 wizards
  15 deep elf archers
  Pikel (D:8)
  2 phantasmal warriors
  9 ironbrand convokers
  7 orc knights
  An obsidian statue (Spider:3)
  59 deep elf magi
  13 harpies
  4 salamanders (Volcano)
  6 ugly things
  8 oklob plants
  13 manticores
  8 orc sorcerers
  3 fauns (Shoals:2)
  32 wolf spiders
  14 orb spiders
  10 merfolk sirens
  22 cyclopes
  22 elephants
  Maurice (D:10)
  5 moths of wrath
  5 black mambas
  3 ice statues (IceCv)
  8 vault sentinels
  2 naga magi (D:15)
  10 cane toads
  3 torpor snails
  Maggie (D:7)
  4 water nymphs
  A storm dragon simulacrum (Vaults:2)
  A kobold demonologist (D:14)
  A cane toad (shapeshifter) (Vaults:4)
  A rime drake (Lair:2)
  An efreet (D:15)
  8 komodo dragons
  7 freezing wraiths
  17 demonic crawlers
  27 yaktaurs
  2 ice devils (IceCv)
  A tengu conjurer (D:13)
  31 jumping spiders
  14 merfolk
  A queen bee (Gauntlet)
  4 trolls
  6 wind drakes
  2 polar bears
  15 slime creatures
  6 hornets
  16 dream sheep
  21 blink frogs
  3 snapping turtles
  51 redbacks
  4 air elementals
  21 tarantellas
  9 wraiths
  5 shadows
  3 wyverns
  10 water elementals
  5 large abominations (D:13)
  2 dire elephant simulacra (IceCv)
  A spriggan (Lair:3)
  8 fire elementals
  66 yaks
  4 vampires
  2 basilisks
  5 vampire mosquitoes
  6 wargs
  2 harpy simulacra (IceCv)
  An iron troll simulacrum (IceCv)
  2 acid dragons
  6 hell hounds
  6 soldier ants
  3 water moccasins
  Duvessa (D:7)
  2 ice beasts
  36 orc warriors
  A phantom (D:13)
  8 small abominations
  An eye of draining (D:12)
  A necrophage (D:11)
  A sky beast (D:14)
  A black bear (D:9)
  24 ogres
  6 boggarts
  18 centaurs
  20 wolves
  3 lemures (D:8)
  14 bullfrogs
  3 big kobolds
  An elf simulacrum (Vaults:1)
  An earth elemental (Elf:1)
  A wyvern zombie (D:9)
  Dowan (D:7)
  2 wyvern skeletons
  2 scorpions
  A water moccasin skeleton (D:10)
  19 killer bees
  17 wights
  3 electric eels
  A crimson imp (Spider:1)
  3 bullfrog zombies
  2 centaur zombies
  A human simulacrum (Vaults:1)
  2 jellies
  7 hounds
  3 quasits
  28 orc priests
  40 orc wizards
  6 centaur skeletons
  A bullfrog skeleton (D:5)
  5 iguanas
  10 worker ants
  A hound skeleton (D:9)
  3 worker ant zombies
  6 adders
  2 shadow imps
  2 white imps
  2 ufetubi
  An ooze (D:7)
  2 dart slugs
  8 leopard geckos
  76 orcs
  3 giant cockroaches
  6 goblins
  7 hobgoblins
  11 jackals
  2 quokkas
  A ball python (D:4)
  9 bats
  6 frilled lizards
  18 kobolds
  A quokka zombie (D:4)
  10 rats
  A lurking horror (D:6)
1431 creatures vanquished.

Vanquished Creatures (collateral kills)
  2 vault wardens
  2 emperor scorpions
  3 deep elf sorcerers
  2 ironheart preservers
  2 stone giants
  2 deep elf annihilators
  A deep elf death mage (Elf:3)
  A merfolk impaler (Shoals:4)
  2 deep elf high priests (Elf:3)
  2 yaktaur captains
  An ogre mage (Vaults:4)
  A fire dragon (Vaults:4)
  2 ice dragons
  2 rakshasas (Vaults:1)
  A hydra (D:15)
  4 boulder beetles
  3 centaur warriors
  A death knight (Vaults:1)
  A tengu warrior (D:15)
  6 deep elf knights
  A skeletal warrior (Vaults:1)
  3 sea snakes
  A flayed ghost (Vaults:3)
  A harpy (shapeshifter) (D:15)
  3 deep elf archers
  A phantasmal warrior (Vaults:2)
  19 deep elf magi
  2 necromancers
  A faun (Shoals:2)
  3 orb spiders
  A harpy (Shoals:4)
  8 wolf spiders
  6 orc knights
  4 ironbrand convokers
  A manticore (D:15)
  5 ugly things
  2 orc sorcerers
  3 cyclopes (Shoals:2)
  A centaur zombie (D:15)
  A water nymph (Shoals:4)
  A vault sentinel (Vaults:4)
  An ice statue (IceCv)
  A centaur skeleton (D:15)
  A demonic crawler (Spider:3)
  5 yaktaurs
  An anaconda simulacrum (IceCv)
  10 ice devils (IceCv)
  3 hornets
  11 jumping spiders
  2 merfolk (Shoals:2)
  2 dream sheep (Shoals:3)
  A meliai zombie (D:15)
  5 slime creatures
  A centaur simulacrum (D:15)
  13 redbacks
  A spriggan (shapeshifter) (Vaults:1)
  2 dire elephant simulacra (IceCv)
  7 tarantellas
  2 wraiths
  A wyvern (shapeshifter) (Vaults:1)
  A vampire mosquito (Elf:3)
  A harpy simulacrum (IceCv)
  A soldier ant (Gauntlet)
  2 wargs (Vaults:3)
  A swamp worm (shapeshifter) (Vaults:1)
  A hydra simulacrum (IceCv)
  A water moccasin (Lair:1)
  A meliai simulacrum (D:15)
  An ice beast (D:5)
  A necrophage (D:7)
  4 orc warriors
  2 sky beasts
  A boggart (D:15)
  A centaur (Vaults:1)
  A bullfrog (D:6)
  A glowing shapeshifter simulacrum (Vaults:1)
  A scorpion (D:4)
  A wight (D:6)
  A quasit (D:8)
  6 orc wizards
  2 orc priests (Vaults:3)
  Ijyb (D:3)
  A worker ant (D:4)
  A gnoll (D:1)
  7 adders
  2 worms
  A leopard gecko (D:1)
  14 orcs
  A bat (D:1)
  2 kobolds (D:2)
  A rat (D:3)
242 creatures vanquished.

Vanquished Creatures (others)
  A centaur warrior (Vaults:1)
  A wolf spider (Spider:3)
  A yaktaur (Vaults:3)
  7 fulminant prisms
  122 fungi
  193 plants
  4 withered plants (Gauntlet)
329 creatures vanquished.

Grand Total: 2002 creatures vanquished

Notes
Turn   | Place    | Note
-------+----------+-------------------------------------------
     0 | D:1      | gilnoh7 the Demigod Hedge Wizard began the quest for the
                  | Orb.
     0 | D:1      | Reached XP level 1. HP: 14/14 MP: 6/6
   439 | D:1      | Reached skill level 3 in Spellcasting
   839 | D:1      | Reached skill level 1 in Conjurations
   850 | D:1      | Reached XP level 2. HP: 17/20 MP: 5/8
  1001 | D:1      | Learned a level 2 spell: Call Imp
  1004 | D:1      | Learned a level 2 spell: Blink
  1181 | D:1      | Reached skill level 1 in Translocations
  1192 | D:1      | Reached skill level 1 in Summonings
  1756 | D:2      | Reached XP level 3. HP: 26/26 MP: 6/10
  2439 | D:2      | Found a sacrificial altar of Ru.
  2454 | D:2      | Reached XP level 4. HP: 33/33 MP: 9/12
  2808 | D:2      | Found an opulent altar of Gozag.
  3067 | D:3      | Noticed a sky beast
  3079 | D:3      | Killed a sky beast
  3080 | D:3      | Reached XP level 5. HP: 39/39 MP: 2/14
  3088 | D:3      | Reached skill level 4 in Spellcasting
  3182 | D:3      | Noticed Ijyb
  3198 | D:3      | Killed Ijyb
  3199 | D:3      | Reached skill level 1 in Fighting
  3793 | D:3      | Found a white marble altar of Elyvilon.
  3848 | D:3      | Reached skill level 1 in Short Blades
  4012 | D:4      | Found a staircase to the Ecumenical Temple.
  4024 | Temple   | Entered the Ecumenical Temple
  4776 | D:4      | Learned a level 3 spell: Conjure Flame
  4780 | D:4      | Learned a level 3 spell: Mephitic Cloud
  4893 | D:4      | Noticed an ogre
  4913 | D:4      | Killed an ogre
  4914 | D:4      | Reached XP level 6. HP: 48/48 MP: 4/15
  5698 | D:5      | Entered Level 5 of the Dungeon
  6655 | D:5      | Reached XP level 7. HP: 55/55 MP: 8/17
  6712 | D:5      | Reached skill level 5 in Spellcasting
  7682 | D:5      | Reached skill level 1 in Armour
  8235 | D:6      | Found a corrupted altar of Lugonu.
  8236 | D:6      | Found a one-way gate to the infinite horrors of the Abyss.
  8442 | D:6      | Found a blossoming altar of Fedhas.
  8549 | D:6      | Reached XP level 8. HP: 59/63 MP: 6/20
 10121 | D:7      | Reached skill level 6 in Spellcasting
 10324 | D:7      | Noticed a gargoyle
 10511 | D:7      | HP: 2/64 [gargoyle/stone arrow (20)]
 10668 | D:7      | Noticed a four-headed hydra
 10810 | D:7      | Noticed Maggie
 11035 | D:7      | Noticed Duvessa
 11076 | D:7      | Noticed Dowan
 11100 | D:7      | Killed Duvessa
 11114 | D:7      | Killed Dowan
 11448 | D:8      | Learned a level 3 spell: Static Discharge
 11451 | D:8      | Learned a level 2 spell: Swiftness
 11457 | D:8      | Found a transporter.
 11461 | D:8      | Noticed weresquid's ghost (novice DrGl)
 11628 | D:8      | Found a transporter.
 11645 | D:8      | Found Lanwie Xuqy's Jewellery Boutique.
 11695 | D:8      | Bought a cursed -4 ring of evasion for 24 gold pieces
 11695 | D:8      | Bought a cursed ring of attention for 54 gold pieces
 11763 | D:8      | Found an ancient bone altar of Kikubaaqudgha.
 11780 | D:8      | Found a staircase to the Lair.
 11873 | D:8      | Noticed Pikel
 11892 | D:8      | Killed Pikel
 11893 | D:8      | Reached skill level 1 in Air Magic
 11893 | D:8      | Reached XP level 9. HP: 64/71 MP: 11/23
 12035 | D:8      | Found Uqoad's Antique Armour Emporium.
 12046 | D:8      | Bought a glowing leather armour for 145 gold pieces
 12839 | Lair:1   | Entered Level 1 of the Lair of Beasts
 12943 | D:8      | Reached skill level 7 in Spellcasting
 13834 | D:7      | Killed Maggie
 14327 | D:7      | Found a shimmering blue altar of Sif Muna.
 14387 | D:7      | Killed a four-headed hydra
 14388 | D:7      | Reached skill level 5 in Fighting
 14388 | D:7      | Reached skill level 1 in Polearms
 14388 | D:7      | Reached skill level 1 in Fire Magic
 15269 | D:9      | Reached skill level 8 in Spellcasting
 15908 | D:10     | Entered Level 10 of the Dungeon
 15969 | D:10     | Reached XP level 10. HP: 81/81 MP: 26/26
 15971 | D:10     | Learned a level 1 spell: Shock
 16047 | D:10     | Found a bloodstained altar of Trog.
 16047 | D:10     | Noticed a two-headed ogre
 16062 | D:10     | Killed a two-headed ogre
 16063 | D:10     | Reached skill level 1 in Crossbows
 16649 | D:10     | Noticed a two-headed ogre
 16665 | D:10     | Killed a two-headed ogre
 16666 | D:10     | Reached skill level 1 in Poison Magic
 16741 | D:10     | Noticed a two-headed ogre
 16814 | D:10     | Killed a two-headed ogre
 17086 | D:10     | Learned a level 4 spell: Airstrike
 17525 | D:10     | Found a staircase to the Orcish Mines.
 17539 | Orc:1    | Entered Level 1 of the Orcish Mines
 17595 | Orc:1    | Noticed a two-headed ogre
 17606 | Orc:1    | Killed a two-headed ogre
 17858 | D:8      | Bought the amulet of the Ladybird {RegenMP rN+ Int+8} for
                  | 696 gold pieces
 17959 | D:8      | Reached skill level 1 in Slings
 18094 | Lair:1   | Learned a level 5 spell: Lightning Bolt
 18196 | D:8      | Reached skill level 9 in Spellcasting
 18478 | D:8      | Reached XP level 11. HP: 61/89 MP: 21/28
 18662 | D:8      | Reached skill level 5 in Stealth
 20018 | Lair:1   | Found a runed translucent door.
 20018 | Lair:1   | Noticed Sammaje's ghost (novice MiBe)
 20473 | Lair:1   | Identified a scroll of acquirement
 20473 | Lair:1   | Acquired a +1 pair of gloves of strength
 20591 | Lair:1   | Killed Sammaje's ghost
 21938 | Orc:1    | Noticed Harold
 21951 | Orc:1    | Killed Harold
 21952 | Orc:1    | Reached skill level 10 in Spellcasting
 23021 | Orc:1    | Noticed Maurice
 23050 | Orc:1    | Found a roughly hewn altar of Beogh.
 23560 | D:11     | Found Dekla's Antique Armour Shoppe.
 23658 | D:8      | Found a radiant altar of Vehumet.
 23658 | D:8      | Found a hazy altar of Hepliaklqana.
 24706 | Lair:1   | Reached skill level 5 in Conjurations
 24706 | Lair:1   | Reached XP level 12. HP: 93/100 MP: 30/31
 25145 | Lair:2   | Noticed an eight-headed hydra
 25153 | Lair:2   | Killed an eight-headed hydra
 25495 | Lair:2   | Reached skill level 11 in Spellcasting
 25580 | Lair:2   | Got a twisted leather armour
 25591 | Lair:2   | Identified the +1 leather armour of the Goldsmith {rF++ rN+
                  | Will-} (You found it on level 2 of the Lair of Beasts)
 26367 | Lair:2   | Reached skill level 5 in Air Magic
 26379 | Lair:2   | Found a staircase to the Shoals.
 26929 | Lair:2   | Reached skill level 5 in Short Blades
 26984 | Lair:2   | Found a shimmering blue altar of Sif Muna.
 28308 | Lair:3   | Noticed a dire elephant
 28553 | Lair:2   | Reached skill level 5 in Armour
 30062 | Lair:3   | Killed a dire elephant
 30567 | Lair:3   | Reached XP level 13. HP: 57/107 MP: 28/33
 30982 | Lair:4   | Noticed Josephine
 31203 | Lair:3   | Reached skill level 5 in Dodging
 31380 | Lair:4   | Noticed Snorg
 31401 | Lair:4   | Killed Snorg
 31408 | Lair:4   | Noticed Rupert
 31572 | Lair:4   | Found a hole to the Spider Nest.
 31609 | Lair:4   | Reached skill level 12 in Spellcasting
 32142 | Lair:3   | Killed Rupert
 32321 | Lair:4   | Noticed Nessos
 32336 | Lair:4   | Killed Nessos
 32365 | Lair:4   | Killed Josephine
 33113 | Lair:5   | Found a dark tunnel.
 33152 | Volcano  | Entered a volcano
 35314 | Lair:6   | Entered Level 6 of the Lair of Beasts
 36980 | Lair:6   | Reached skill level 13 in Spellcasting
 37351 | Lair:6   | Reached XP level 14. HP: 114/118 MP: 33/36
 38557 | Lair:6   | Found a staircase to the Slime Pits.
 39913 | D:8      | Bought the amulet of the Final Chapter {Reflect rF- Dex+5
                  | SH+5} for 486 gold pieces
 40233 | Spider:1 | Entered Level 1 of the Spider Nest
 40272 | Spider:1 | Noticed an emperor scorpion
 40442 | Shoals:1 | Entered Level 1 of the Shoals
 40599 | D:8      | Killed weresquid's ghost
 40937 | D:11     | Found a runed translucent door.
 41613 | D:11     | Found a roughly hewn altar of Beogh.
 41957 | D:11     | Bought a glowing buckler for 180 gold pieces
 42285 | D:12     | Found a gate leading to a gauntlet.
 42293 | Gauntlet | Entered a Gauntlet
 42293 | Gauntlet | Found a transporter.
 42293 | Gauntlet | Found a transporter.
 42293 | Gauntlet | Found a transporter.
 42346 | Gauntlet | Found a transporter.
 42463 | Gauntlet | Found a transporter.
 42467 | Gauntlet | Found a transporter.
 42538 | Gauntlet | Got a steaming marble ring
 42543 | Gauntlet | Identified the cursed ring of the Past {Str-4 Slay+2
                  | Stlth+} (You found it in a Gauntlet)
 42570 | Gauntlet | Found a transporter.
 42808 | Gauntlet | Found a transporter.
 42837 | Gauntlet | Identified the ring "Danathen" {*Slow rN+ Dex+6 Stlth+}
 42846 | Gauntlet | Reached skill level 1 in Ice Magic
 43171 | D:12     | Noticed Nergalle
 43758 | D:10     | Killed Maurice
 44897 | Orc:1    | Reached skill level 1 in Shields
 45760 | Orc:1    | Found the +8 mithril axe "Arga" {speed, Will+}
 45799 | Orc:1    | Got a polished great sword
 45808 | Orc:1    | Identified the +12 great sword "Butottao" {antimagic, Will+
                  | Int+3} (You found it on level 1 of the Orcish Mines)
 45819 | Orc:1    | Got a twisted scimitar
 45821 | Orc:1    | Identified the +8 scimitar of the Hierophant {vorpal, rN+}
                  | (You found it on level 1 of the Orcish Mines)
 45832 | Orc:1    | Got a bloodstained short sword
 45838 | Orc:1    | Identified the +7 short sword "Yxumoump" {vorpal, rF+
                  | Int+2} (You found it on level 1 of the Orcish Mines)
 46084 | Orc:1    | Learned a level 6 spell: Freezing Cloud
 46411 | Orc:2    | Entered Level 2 of the Orcish Mines
 46795 | Orc:2    | Found a staircase to the Elven Halls.
 46941 | Orc:2    | Reached skill level 14 in Spellcasting
 47270 | Orc:1    | Learned a level 5 spell: Iskenderun's Battlesphere
 47703 | Orc:2    | Found Qoungemir's Antique Weapon Shop.
 47703 | Orc:2    | Found Fesmogg's Antique Weapon Boutique.
 47703 | Orc:2    | Found Daebaysm's Armour Boutique.
 47706 | Orc:2    | Found Guonlo Hyell's Jewellery Shop.
 47714 | Orc:2    | Bought the amulet "Ycez" {Acrobat Will+} for 553 gold
                  | pieces
 47714 | Orc:2    | Bought an uncursed ring of see invisible for 195 gold
                  | pieces
 48291 | D:11     | Reached XP level 15. HP: 64/126 MP: 37/38
 48518 | D:12     | Found Gacou's Antique Weapon Shop.
 48518 | D:12     | Noticed Azrael
 48534 | D:12     | Killed Azrael
 48940 | D:12     | Killed Nergalle
 49281 | D:12     | Reached skill level 10 in Fighting
 49985 | D:13     | Reached skill level 1 in Axes
 51500 | D:13     | Got a jasper-studded leather armour
 51511 | D:13     | Identified the cursed +1 leather armour "Xeurialy" {Str+4}
                  | (You found it on level 13 of the Dungeon)
 51520 | D:13     | Got a translucent leather armour
 51526 | D:13     | Identified the +1 leather armour of Catatonia {*Contam +Inv
                  | Int+7} (You found it on level 13 of the Dungeon)
 51886 | D:14     | Reached skill level 1 in Long Blades
 51972 | D:14     | Found a transporter.
 51975 | D:14     | Noticed Jaliuk's ghost (journeyman DECj)
 52024 | D:14     | Found a transporter.
 52747 | D:14     | Found Yleteuti's Weapon Shoppe.
 53245 | D:14     | Found a gate to the Vaults.
 53458 | D:15     | Entered Level 15 of the Dungeon
 53525 | D:15     | Found a blossoming altar of Fedhas.
 53642 | D:15     | Found Juwy's Book Shop.
 53655 | D:15     | Bought a book of Callings for 300 gold pieces
 53655 | D:15     | Bought a book of Cantrips for 200 gold pieces
 53657 | D:15     | Learned a level 1 spell: Corona
 53662 | D:15     | Learned a level 4 spell: Summon Lightning Spire
 54513 | Shoals:1 | Found the +8 frozen axe "Frostbite" {freezing cloud, *Noise
                  | +Fly rC+}
 56530 | Spider:1 | Acquired a +1 pair of boots of running
 56685 | Spider:1 | Noticed Donald
 56699 | Spider:1 | Killed Donald
 57203 | Spider:1 | Learned a level 3 spell: Summon Guardian Golem
 57206 | Spider:1 | Learned a level 2 spell: Poisonous Vapours
 58819 | Spider:2 | Reached skill level 10 in Air Magic
 58832 | Spider:2 | Reached skill level 15 in Spellcasting
 59010 | Spider:2 | Reached XP level 16. HP: 109/135 MP: 40/40
 59439 | Spider:2 | Noticed Asterion
 59620 | Spider:2 | Killed Asterion
 61410 | Spider:3 | Found a frozen archway.
 61417 | Spider:3 | Noticed Roxanne
 61419 | IceCv    | Entered an ice cave
 63331 | IceCv    | Learned a level 5 spell: Bolt of Magma
 63392 | IceCv    | Got a pitted flail
 63393 | IceCv    | Identified the +10 flail of Past Mistakes {vorpal, rPois
                  | Str-5 SInv} (You found it in an ice cave)
 63649 | Spider:3 | Learned a level 7 spell: Orb of Destruction
 65348 | Spider:3 | Got a slimy short sword
 65349 | Spider:3 | Identified the +2 short sword of Faffeab {vorpal, +Blink
                  | rElec Str-5 Int+5} (You found it on level 3 of the Spider
                  | Nest)
 65457 | Spider:3 | Reached skill level 1 in Evocations
 65708 | Spider:4 | Entered Level 4 of the Spider Nest
 66002 | Spider:3 | Killed Roxanne
 68168 | Spider:4 | Gained mutation: You are clumsy. (Dex -2) [mutagenic glow]
 68583 | Spider:4 | Got a gossamer rune of Zot
 69129 | Elf:1    | Entered Level 1 of the Elven Halls
 69317 | Orc:2    | Reached XP level 17. HP: 102/141 MP: 32/42
 69965 | Elf:1    | Noticed Frances
 70318 | Elf:1    | Killed Frances
 70762 | Elf:1    | Reached skill level 16 in Spellcasting
 71283 | Elf:1    | Identified the Catalogue of Conjuration and Creation
 71613 | Elf:1    | Found a shimmering blue altar of Sif Muna.
 71633 | Elf:1    | Found Puitouc's Antique Weapon Emporium.
 71641 | Elf:1    | Bought a brightly glowing dagger for 231 gold pieces
 71643 | Elf:1    | Identified the +10 dagger of the Empty Page {freeze, rC-
                  | Str+3} (You bought it in a shop on level 1 of the Elven
                  | Halls)
 72007 | Elf:2    | Found a runed translucent gate.
 72007 | Elf:2    | Found a runed translucent gate.
 72007 | Elf:2    | Found a runed translucent gate.
 73568 | Elf:2    | Found Dethoume's Magic Scroll Shop.
 73576 | Elf:2    | Bought a scroll of enchant armour for 82 gold pieces
 75077 | Elf:3    | Entered Level 3 of the Elven Halls
 75077 | Elf:3    | Found Geeckium's Magic Scroll Shoppe.
 75122 | Elf:3    | Bought a scroll of blinking for 127 gold pieces
 76595 | Elf:3    | Noticed a deep elf blademaster
 76603 | Elf:3    | Killed a deep elf blademaster
 76768 | Elf:3    | Identified the +5 great mace of the Chain {venom, Str+4}
 76840 | Elf:3    | Identified the +0 lajatang of Nioriug {vamp, rC- Str-2
                  | Int+9}
 76840 | Elf:3    | Identified the ring "Bitsulel" {Str+7 Dex+6}
 77141 | Elf:3    | Noticed a deep elf blademaster
 77155 | Elf:3    | Identified the ring "Japuqor" {rC+ EV+4 Str+6 Dex+2}
 77485 | Elf:3    | Killed a deep elf blademaster
 77597 | Elf:3    | Identified the cursed +2 halberd "Pousio" {vorpal, rPois
                  | rF+}
 77597 | Elf:3    | Identified the ring "Rusyib" {rElec rF+ rC+ Str-2 Stlth+}
 77885 | Elf:3    | Reached XP level 18. HP: 137/149 MP: 28/44
 78866 | Elf:3    | Reached skill level 5 in Summonings
 78905 | Elf:3    | Reached skill level 5 in Long Blades
 79298 | Elf:3    | Identified the cursed +1 scale mail "Huthiof" {rCorr Dex-3
                  | Slay+5}
 79429 | Elf:3    | HP: 7/149 [deep elf annihilator/crystal spear (29)]
 80675 | Elf:3    | Identified the Almanac of Destructive Changing
 80713 | Elf:3    | Got a pair of heavily runed boots
 80724 | Elf:3    | Identified the -6 pair of boots "Doffol" {rPois} (You found
                  | it on level 3 of the Elven Halls)
 80817 | Elf:3    | Got a transparent fustibalus
 80818 | Elf:3    | Identified the +3 fustibalus of Wudeiqast {venom, rPois rF-
                  | rC+ Stlth+} (You found it on level 3 of the Elven Halls)
 80850 | Elf:3    | Got a clouded bronze ring
 80851 | Elf:3    | Identified the ring of Mocuebb {Wiz rPois rC- Dex+3 Stlth+}
                  | (You found it on level 3 of the Elven Halls)
 81270 | Elf:2    | Reached skill level 10 in Conjurations
 83448 | Shoals:2 | Reached skill level 17 in Spellcasting
 85611 | Shoals:3 | Learned a level 4 spell: Fulminant Prism
 85863 | Shoals:4 | Entered Level 4 of the Shoals
 86719 | Shoals:4 | Identified the Incunabulum of Envenoming and the Rocks
 86735 | Shoals:4 | Learned a level 2 spell: Poisonous Vapours
 86742 | Shoals:4 | Learned a level 3 spell: Ignite Poison
 87257 | Shoals:4 | Got a barnacled rune of Zot
 87488 | Lair:1   | Learned a level 7 spell: Spellforged Servitor
 87744 | Elf:2    | Bought a scroll of acquirement for 572 gold pieces
 87745 | Elf:2    | Acquired a book of Dreams
 87748 | Elf:2    | Bought a scroll of acquirement for 572 gold pieces
 87749 | Elf:2    | Acquired 803 gold pieces
 88110 | D:15     | Found a runed translucent gate.
 88111 | D:15     | Found a runed translucent gate.
 88119 | D:15     | Noticed Louise
 88150 | D:15     | Killed Louise
 88637 | D:15     | Found a staircase to the Depths.
 88829 | D:15     | Found a runed translucent gate.
 88830 | D:15     | Identified the amulet "Yrumer" {Acrobat *Slow rF++ Str+3}
 88830 | D:15     | Noticed Vianioba's ghost (journeyman MiFi)
 88918 | D:15     | Gained mutation: Your body sometimes deteriorates upon
                  | taking damage. [mutagenic glow]
 88945 | D:15     | Gained mutation: You are dopey. (Int -2) [mutagenic glow]
 89096 | D:15     | Reached XP level 19. HP: 156/156 MP: 33/46
 89151 | D:15     | Killed Vianioba's ghost
 89261 | D:15     | Got a pair of twisted gloves
 89272 | D:15     | Identified the cursed +0 pair of gloves "Hyocicu" {Harm}
                  | (You found it on level 15 of the Dungeon)
 89453 | Lair:1   | Lost mutation: You are clumsy. (Dex -2) [potion of
                  | mutation]
 89453 | Lair:1   | Lost mutation: Your body sometimes deteriorates upon taking
                  | damage. [potion of mutation]
 89453 | Lair:1   | Gained mutation: Your spells are a little harder to cast,
                  | but a little more powerful. [potion of mutation]
 89453 | Lair:1   | Gained mutation: You possess an exceptional clarity of
                  | mind. [potion of mutation]
 89470 | Lair:1   | Lost mutation: Your spells are a little harder to cast, but
                  | a little more powerful. [potion of mutation]
 89470 | Lair:1   | Lost mutation: You possess an exceptional clarity of mind.
                  | [potion of mutation]
 89470 | Lair:1   | Gained mutation: You have large cloven feet. [potion of
                  | mutation]
 89470 | Lair:1   | Gained mutation: Scrolls take you a little longer to read.
                  | [potion of mutation]
 89470 | Lair:1   | Gained mutation: Scrolls take you longer to read. [potion
                  | of mutation]
 89470 | Lair:1   | Gained mutation: You expend magic power (3 MP) to
                  | strengthen your wands. [potion of mutation]
 89772 | Vaults:1 | Entered Level 1 of the Vaults
 91036 | Vaults:1 | Found Faut's Assorted Antiques.
 91046 | Vaults:1 | Found Gemolod's Book Boutique.
 91487 | Vaults:1 | Found Jeifit's Antique Weapon Shoppe.
 91944 | Vaults:1 | Reached skill level 18 in Spellcasting
 95065 | Vaults:2 | Learned a level 1 spell: Corona
 95588 | Vaults:2 | Found a staircase to the Crypt.
 96711 | Vaults:3 | Reached skill level 15 in Air Magic
 96728 | Vaults:3 | Reached skill level 1 in Transmutations
 97386 | Vaults:3 | Found Doteob's Gadget Boutique.
 97663 | Vaults:3 | Learned a level 5 spell: Alistair's Intoxication
 98268 | Vaults:3 | Found a portal to a secret trove of treasure.
 98597 | Vaults:3 | Gained mutation: You have hoof-like feet. [mutagenic glow]
 99681 | Vaults:3 | Reached XP level 20. HP: 163/163 MP: 42/48
100099 | Vaults:3 | Found a runed translucent gate.
100099 | Vaults:3 | Found a runed translucent gate.
100099 | Vaults:3 | Found a runed translucent gate.
100101 | Vaults:3 | Noticed Lukheov's ghost (veteran DrWn)
102386 | Vaults:4 | Found Awiguype's Assorted Antiques.
102393 | Vaults:4 | Bought a scroll of teleportation for 120 gold pieces
102764 | Vaults:5 | Entered Level 5 of the Vaults
103050 | Vaults:5 | Noticed a golden dragon
103394 | Vaults:5 | Identified the +4 shortbow "Kadasuej" {flame, +Fly SInv}
103394 | Vaults:5 | HP: 3/160 [yaktaur captain/bolt (30)]
103397 | Vaults:5 | Shot with an arrow by a vault warden

Illustrated notes

Levels and vault maps discovered:
D:1:      evilmike_arrival_rings, layout_loops_ring
D:2:      layout_rooms, lemuel_coloured_pillars_altar,
          nicolae_ru_great_annihilating_truth, serial_bayou_pond_e
D:3:      layout_loops_ring, elyvilon_altar_3, lightli_corner_chamber, uniq_ijyb
D:4:      layout_basic, minmay_temple_entry_grid
D:5:      layout_rooms
D:6:      layout_basic, basic_altar, serial_bayou_ford_a,
          amcnicky_altar_lugonu_corruption
D:7:      layout_loops_ring, led_sif_pool, uniq_maggie, uniq_duvessa
D:8:      layout_loops_ring, nicolae_overflow_hidden_temple, lair_entry_dummy,
          serial_shops, nicolae_shop_temple_entry_statues_fountains,
          nicolae_shop_temple_entry_statues_fountains,
          gammafunk_ghost_stat_death, kennysheep_generic_room_14, uniq_pikel
D:9:      layout_loops_corners, moated_statue, dk_rats_in_the_wall
D:10:     layout_irregular_city, david_orc_4, basic_altar,
          kennysheep_generic_room_9
D:11:     layout_cave_pools, serial_shops, shop, lightli_church_of_beogh
D:12:     layout_loops_ring, serial_shops, kennysheep_little_box,
          gauntlet_entry_generic, serial_rivers, chequers_serial_rivers_large_a,
          chequers_serial_rivers_micro_b, chequers_serial_rivers_micro_b,
          chequers_serial_rivers_micro_e, chequers_serial_rivers_micro_d,
          chequers_serial_rivers_micro_d, chequers_big_river, uniq_nergalle,
          uniq_azrael
D:13:     layout_irregular_city, minmay_fountain_box, st_stairs_1, laboratory
D:14:     layout_irregular_city, erik_vaults_1, grunt_decor_cap,
          gammafunk_ghost_stat_death, serial_shops, shop
D:15:     grunt_enter_depths_magical_seal, layout_cave_pools, serial_shops,
          shop_statue, fedhas_altar_4, gammafunk_ghost_tricky_traps, uniq_louise
Temple:   nicolae_temple_elliptical
Lair:1:   layout_hall_layers, hellmonk_ghost_happy_afterlife,
          beast_lair_carwin_2, lemuel_fruit_fields, serial_bayou_shore_b,
          grunt_megastairs_5, lemuel_fruit_tree
Lair:2:   layout_small_grid, elwin_shoals_entry_stream, basic_altar,
          st_stairs_13
Lair:3:   mu_elephants_graveyard, layout_layer_cave, fungi_pond_lemuel,
          infiniplex_staircase_pool_2, serial_bayou_shore_b
Lair:4:   layout_hall_layers, spider_nest_entry_webs, uniq_josephine,
          uniq_rupert, uniq_nessos, uniq_snorg
Lair:5:   layout_cave_pods, enter_volcano_3, serial_bayou_lagoon_b,
          grunt_megastairs_4, minmay_lair_oklob_chamber
Lair:6:   evilmike_catoblepas_cave, layout_cave_pods,
          minmay_slime_entry_oklob_enclosed
Shoals:1: layout_shoals
Shoals:2: layout_shoals, st_sunken_temple
Shoals:3: layout_shoals
Shoals:4: shoals_end_hangedman, layout_shoals,
          nicolae_shoals_stone_sculpture_thing, uniq_nikola
Spider:1: layout_chambers, nicolae_crawler_farm, uniq_donald
Spider:2: layout_spider_delve, uniq_asterion
Spider:3: spider_temple_joshua, portal_ice_cave_entry_pillars_2, uniq_roxanne
Spider:4: grunt_spider_rune_parallel
Orc:1:    giant_chief_lemuel, layout_caves, mines1_david, uniq_maurice,
          uniq_harold
Orc:2:    st_orc_mages, layout_caves
Elf:1:    eino_elf_arrival_shootout, layout_loops_corners, serial_shops,
          shop_statue, basic_altar, minmay_elf_sorcery, uniq_frances
Elf:2:    layout_gridlike, serial_shops, shop
Elf:3:    minmay_elf_hall_hex, layout_geoelf_grid, serial_shops, shop,
          einodemon_crawler_minivault
Vaults:1: v_misc_25, v_alt_pattern_3, vaults_mumra_minichess_inversion,
          nicolae_vaults_big_ls, grunt_vaults_twisty, vaults_dpeg_spiral,
          vaults_dpeg_doors, grunt_vaults_diagonal,
          nicolae_vaults_diagonal_hallway_8, hangedman_vaults_stagger,
          dpeg_vaults_monster_row, layout_vaults_maze_snakey, serial_shops,
          nicolae_shop_overgrown_old_shop, shop, shop_statue
Vaults:2: nicolae_vaults_little_squares_4, v_rooms_2, v_alt_pattern_3,
          minmay_crypt_entry_vampire_xt, v_alt_pattern_1,
          nicolae_vaults_asterisk, hangedman_vaults_snaps, vaults_room_octagon,
          ontoclasm_vaults_ligature, ontoclasm_vaults_twist,
          ontoclasm_vaults_spin, vaults_room_door_ring,
          ontoclasm_vaults_shuriken, layout_vaults_big_cross
Vaults:3: gammafunk_vaults_ghost_spectres, hangedman_vaults_trim,
          nicolae_vaults_network_s, v_alt_pattern_5, nicolae_vaults_what_the_h,
          v_alt_pattern_1, hangedman_vaults_locks, hangedman_vaults_capsules,
          ontoclasm_vaults_gateway, nicolae_vaults_circle_grid_a,
          nicolae_vaults_an_arrangement, nicolae_vaults_asterisk,
          vaults_room_pools, layout_vaults_omnibox, serial_shops,
          nicolae_shop_trees, nicolae_trove_entry_crossroad
Vaults:4: grunt_vaults_bifocal, v_misc_4, vaults_mumra_hexcomb, v_misc_23,
          nicolae_vaults_alarming, vaults_dpeg_hooks, vaults_dpeg_diagonal,
          layout_vaults_omnigrid, serial_shops, nicolae_shop_statue_plus
Vaults:5: serial_shops

Skill      XL: |  1  2  3  4  5  6  7  8  9 10 11 12 13 14 15 16 17 18 19 20 |
---------------+-------------------------------------------------------------+-----
Spellcasting   | 3 4 5 6 8 9 10 11 13 14 15 16 17 18 | 18.9
Conjurations   | 1 2 3 4 5 6 8 9 10 | 10.8
Stealth        | 2 3 4 5 6 7 |  7.7
Translocations | 1 2 3 |  3.6
Summonings     | 1 2 3 4 5 6 |  6.2
Dodging        | 2 3 4 6 7 8 |  8.1
Fighting       | 1 2 3 4 5 6 7 8 9 10 11 | 11.0
Short Blades   | 1 2 3 4 5 6 |  6.2
Armour         | 1 2 4 5 6 7 8 |  8.9
Air Magic      | 1 3 4 5 6 8 10 11 13 14 15 | 15.5
Polearms       | 1 |  1.2
Fire Magic     | 1 2 3 |  3.6
Crossbows      | 1 |  1.7
Poison Magic   | 1 2 3 4 |  4.4
Slings         | 1 |  1.2
Ice Magic      | 2 3 4 |  4.0
Shields        | 1 4 |  4.0
Axes           | 1 |  1.9
Long Blades    | 1 3 4 5 6 7 |  7.5
Evocations     | 1 |  1.1
Transmutations | 1 2 |  2.1
Hexes          | |  0.7

Action                   |  1- 3 |  4- 6 |  7- 9 | 10-12 | 13-15 | 16-18 | 19-21 || total
-------------------------+-------+-------+-------+-------+-------+-------+-------++-------
Melee: Dagger            |    54 |   173 |   380 |   494 |   616 |       |       ||  1717
       Spear             |       |       |    75 |       |       |       |       ||    75
       Battleaxe         |       |       |     9 |       |       |       |       ||     9
       Long sword        |       |       |     2 |       |       |       |       ||     2
       Quick blade       |       |       |   104 |   120 |     6 |       |       ||   230
       Trident           |       |       |     4 |     5 |       |       |       ||     9
       Rapier            |       |       |       |       |    17 |       |       ||    17
       Short sword       |       |       |       |       |   140 |   190 |    49 ||   379
       Great sword       |       |       |       |       |    10 |       |       ||    10
       Broad axe         |       |       |       |       |    61 |     6 |     7 ||    74
       Scimitar          |       |       |       |       |    57 |    18 |     6 ||    81
       Executioner's axe |       |       |       |       |    14 |       |       ||    14
       Demon blade       |       |       |       |       |       |   294 |   374 ||   668
 Fire: Arbalest          |       |       |    21 |     5 |     5 |       |       ||    31
       Hunting sling     |       |       |       |    13 |       |       |       ||    13
 Cast: Magic Dart        |    77 |    97 |    90 |    92 |   118 |    61 |     1 ||   536
       Call Imp          |    13 |    34 |    70 |     8 |     1 |       |       ||   126
       Blink             |     2 |     4 |    29 |    29 |    31 |    27 |    12 ||   134
       Mephitic Cloud    |       |     4 |    30 |    72 |   114 |    77 |    47 ||   344
       Conjure Flame     |       |     5 |    63 |    82 |    48 |     7 |       ||   205
       Swiftness         |       |       |     2 |     2 |     4 |       |       ||     8
       Static Discharge  |       |       |     6 |     5 |       |       |       ||    11
       Shock             |       |       |       |    22 |       |       |       ||    22
       Airstrike         |       |       |       |   118 |   520 |   596 |   170 ||  1404
       Lightning Bolt    |       |       |       |    46 |    91 |    26 |    10 ||   173
       Iskenderun's Batt |       |       |       |       |    18 |    16 |       ||    34
       Freezing Cloud    |       |       |       |       |    26 |    28 |    40 ||    94
       Summon Lightning  |       |       |       |       |    10 |   167 |    63 ||   240
       Poisonous Vapours |       |       |       |       |     9 |    26 |    22 ||    57
       Summon Guardian G |       |       |       |       |     3 |       |       ||     3
       Corona            |       |       |       |       |     2 |       |    17 ||    19
       Orb of Destructio |       |       |       |       |       |   125 |    23 ||   148
       Bolt of Magma     |       |       |       |       |       |     2 |       ||     2
       Spellforged Servi |       |       |       |       |       |     8 |    22 ||    30
       Ignite Poison     |       |       |       |       |       |     6 |    37 ||    43
       Fulminant Prism   |       |       |       |       |       |     3 |     4 ||     7
       Alistair's Intoxi |       |       |       |       |       |       |     7 ||     7
 Abil: Evoke Blink       |       |       |       |       |       |     3 |     1 ||     4
       Evoke Flight      |       |       |       |       |       |     3 |       ||     3
       Stop Flying       |       |       |       |       |       |     2 |       ||     2
Evoke: Wand              |       |       |     5 |       |     4 |     1 |       ||    10
  Use: Scroll            |       |     6 |    16 |    12 |    23 |    37 |     7 ||   101
       Potion            |       |       |     5 |     4 |     6 |     8 |    11 ||    34
 Stab: Sleeping          |     3 |     4 |     2 |     2 |     4 |     6 |     4 ||    25
       Paralysed         |       |     1 |       |       |       |       |       ||     1
       Confused          |       |     4 |    17 |    52 |    65 |    19 |    11 ||   168
       Distracted        |       |       |     1 |     2 |     2 |    13 |    11 ||    29
Armor: Robe              |    21 |    20 |       |       |       |       |       ||    41
       Leather armour    |       |    31 |   143 |       |       |       |       ||   174
       Swamp dragon scal |       |       |    58 |   320 |   530 |   405 |   188 ||  1501
Dodge: Dodged            |    55 |   132 |   409 |   430 |   785 |   584 |   320 ||  2715
Block: Buckler           |       |       |       |       |   136 |   284 |   233 ||   653
       Reflection        |       |       |       |       |     9 |    16 |    43 ||    68
       Rpst.: Great sword |       |       |       |       |     2 |       |       ||     2
       Scimitar          |       |       |       |       |    10 |     1 |     3 ||    14
       Demon blade       |       |       |       |       |       |    52 |    39 ||    91
